 Dungeon Crawl Stone Soup version 0.28.0-53-g5a82cb258f (webtiles) character file.

Game seed: 5143659997375179169

737 cbfl8 the Chopper (level 7, -1/94 HPs)
             Began as a Minotaur Berserker on Nov 21, 2022.
             Was a Believer of Trog.
             Succumbed to a water moccasin's poison
             ... on level 6 of the Dungeon on Nov 22, 2022.
             The game lasted 00:03:19 (2815 turns).

cbfl8 the Chopper (Minotaur Berserker)              Turns: 2815, Time: 00:03:20

Health: -1/94      AC:  9    Str: 22    XL:     7   Next: 46%
Magic:  6/6        EV:  9    Int:  4    God:    Trog [**....]
Gold:   78         SH:  0    Dex: 11    Spells: 6/6 levels left

rFire   . . .      SeeInvis .   a - +0 hand axe
rCold   . . .      Faith    .   (no shield)
rNeg    . . .      Spirit   .   k - +0 chain mail
rPois   .          Reflect  .   (helmet restricted)
rElec   .          Harm     .   (no cloak)
rCorr   .          Rampage  .   (no gloves)
Will    .....                   (no boots)
Stlth   ..........              (no amulet)
HPRegen 0.25/turn               (no ring)
MPRegen 0.10/turn               (no ring)

@: berserking, lethally poisoned (-1 -> -23), very quick
A: horns 2, retaliatory headbutt
a: Renounce Religion, Berserk, Trog's Hand


You were on level 6 of the Dungeon.
You worshipped Trog.
Trog was pleased with you.
You visited 1 branch of the dungeon, and saw 4 of its levels.

You collected 78 gold pieces.

Inventory:

Hand Weapons
 a - a +0 hand axe (weapon)
Armour
 k - a +0 chain mail (worn)
Scrolls
 b - a scroll of identify {unknown}
 d - a scroll of teleportation {unknown}
 g - a scroll of fear {unknown}
 h - a scroll of torment {unknown}
 i - a scroll of blinking {unknown}
 j - 2 scrolls of fog {unknown}
 l - a scroll of holy word {unknown}
Potions
 c - a potion of magic {unknown}
 e - a potion of heal wounds {unknown}
 f - a potion of invisibility {unknown}


   Skills:
 * Level 6.0 Fighting
 * Level 7.4 Axes
 * Level 3.8 Armour
 * Level 3.8 Dodging
 + Level 0.9 Stealth
 * Level 2.0 Evocations


You had 6 spell levels left.
You didn't know any spells.
Your spell library was empty.

Dungeon Overview and Level Annotations

Branches:
Dungeon (3/15)

Altars:


Innate Abilities, Weirdness & Mutations

You have a pair of horns on your head.
You reflexively headbutt those who attack you in melee.


Message History

The water moccasin poisons you!
The sky beast hits you but does no damage.
You slash the sky beast! Your headbutt misses the sky beast.
The sky beast is heavily wounded.
You hit the water moccasin.
* * * LOW HITPOINT WARNING * * *
You feel very sick.
The water moccasin bites you but does no damage.
The sky beast flickers out of sight!
Deactivating autopickup; reactivate with Ctrl-A.
Something hits you but does no damage.
You miss something. You hit the water moccasin.
* * * LOW HITPOINT WARNING * * *
You feel very sick.
The water moccasin bites you but does no damage.
You slash the water moccasin!
Your headbutt misses the water moccasin.
The water moccasin is almost dead.
You hit something.
* * * LOW HITPOINT WARNING * * *
You feel very sick.
A sky beast appears from thin air!
Reactivating autopickup.
The sky beast hits you but does no damage.
The water moccasin bites you but does no damage.
You closely miss the water moccasin.
The water moccasin is almost dead.
You closely miss the sky beast.
* * * LOW HITPOINT WARNING * * *
You feel very sick.
The water moccasin bites you but does no damage.
The sky beast hits you.
* * * LOW HITPOINT WARNING * * *
The sky beast shocks you.
* * * LOW HITPOINT WARNING * * *
You barely miss the water moccasin. You punch the water moccasin.
You kill the water moccasin!
Trog accepts your kill.
You hit the sky beast.
You die...

#..... .... #>....
....#+### ######.....
........# #....S.####
......<.# #......#
........# #......+
........+ #......#
........########......##
#..Y@.....†........#
#..................#
#..................#
#..................#
#####..............#
#..............#
.................
..##############


You could see a sky beast.

Vanquished Creatures
  Grinder (D:3)
  Sigmund (D:2)
  2 water moccasins (D:6)
  A necrophage (D:6)
  A bullfrog zombie (D:6)
  Robin (D:2)
  A howler monkey zombie (D:6)
  6 adders
  A worm (D:3)
  2 orcs (D:3)
  2 bats
  11 endoplasms
  3 giant cockroaches
  12 goblins
  6 hobgoblins
  10 jackals (D:1)
  6 kobolds
  2 quokkas
  4 ball pythons
  3 frilled lizards
  3 rats (D:2)
79 creatures vanquished.

Vanquished Creatures (others)
  9 toadstools (D:6)
9 creatures vanquished.

Grand Total: 88 creatures vanquished

Notes
Turn   | Place    | Note
-------+----------+-------------------------------------------
     0 | D:1      | cbfl8 the Minotaur Berserker began the quest for the Orb.
     0 | D:1      | Reached XP level 1. HP: 19/19 MP: 0/0
    60 | D:1      | Reached XP level 2. HP: 25/27 MP: 1/1
    63 | D:1      | Reached skill level 4 in Axes
   410 | D:1      | Reached XP level 3. HP: 28/34 MP: 2/2
   874 | D:2      | Reached ** piety under Trog
   978 | D:2      | Found a faded altar of an unknown god.
  1156 | D:2      | Reached XP level 4. HP: 40/41 MP: 3/3
  1163 | D:2      | Noticed Robin
  1170 | D:2      | Killed Robin
  1579 | D:2      | Noticed Sigmund
  1585 | D:2      | Killed Sigmund
  1586 | D:2      | Reached skill level 5 in Fighting
  1586 | D:2      | Reached skill level 5 in Axes
  1586 | D:2      | Reached skill level 1 in Evocations
  1586 | D:2      | Reached XP level 5. HP: 48/48 MP: 4/4
  1897 | D:3      | Reached XP level 6. HP: 56/56 MP: 5/5
  1913 | D:3      | Noticed Grinder
  1927 | D:3      | Killed Grinder
  1928 | D:3      | Reached skill level 6 in Axes
  2427 | D:3      | You fall into a shaft and drop 3 floors!
  2585 | D:6      | Reached skill level 7 in Axes
  2585 | D:6      | Reached XP level 7. HP: 48/62 MP: 6/6
  2814 | D:6      | HP: 2/94 [sky beast (5)]
  2815 | D:6      | Succumbed to a water moccasin's poison

Illustrated notes

Levels and vault maps discovered:
D:1:      erik_arrival_triangle_small, layout_rooms
D:2:      layout_loops_ring, shapermc_ecumenical_altar_acropolis, uniq_sigmund,
          uniq_robin
D:3:      kennysheep_six_static_rooms, layout_basic, palyth_stone_intersect,
          uniq_grinder, uniq_crazy_yiuf_cottage
D:6:      cheibrodos_fertilizer, layout_gridville, serial_shops,
          nicolae_shop_waterfront

Skill      XL: |  1  2  3  4  5  6  7 |
---------------+----------------------+-----
Fighting       | 4 5 6 |  6.0
Axes           | 4 5 7 |  7.4
Armour         | 3 |  3.8
Dodging        | 3 |  3.8
Evocations     | 1 2 |  2.0
Stealth        | |  0.9

Action                   |  1- 3 |  4- 6 |  7- 9 || total
-------------------------+-------+-------+-------++-------
Melee: Hand axe          |    71 |    67 |    30 ||   168
       Headbutt          |     9 |    15 |     4 ||    28
       Punch             |     1 |       |     3 ||     4
Invok: Berserk           |       |     3 |     1 ||     4
 Stab: Sleeping          |       |     1 |       ||     1
Armor: Animal skin       |    10 |       |       ||    10
       Leather armour    |     4 |    11 |       ||    15
       Chain mail        |       |     5 |    21 ||    26
Dodge: Dodged            |    54 |    26 |    10 ||    90
